 Dungeon Crawl Stone Soup version 0.26.1-11-gd32895ea62 (webtiles) character file.

Game seed: 11645378143158064456

9436 Almogavar the Geomancer (level 11, -8/62 HPs)
             Began as a Gargoyle Earth Elementalist on June 18, 2021.
             Was an Elder of Nemelex Xobeh.
             Mangled by an ettin
             ... wielding a +0 dire flail
              (24 damage)
             ... on level 2 of the Orcish Mines.
             The game lasted 00:51:18 (16123 turns).

Almogavar the Geomancer (GrEE)                     Turns: 16123, Time: 00:51:19

Health: -8/62      AC: 21    Str: 12    XL:     11   Next: 46%
Magic:  11/23      EV: 14    Int: 25    God:    Nemelex Xobeh [****..]
Gold:   697        SH:  0    Dex: 10    Spells: 22/26 levels left

rFire    . . .     SeeInvis .   P - +2 flail (protect)
rCold    . . .     Faith    .   (no shield)
rNeg     + . .     Spirit   .   c - +0 robe
rPois    ∞         Reflect  .   (no helmet)
rElec    +         Harm     .   (no cloak)
rCorr    .         Rampage  .   v - +2 pair of gloves
Will     +....                  l - +0 pair of boots
Stlth    +++.......             (no amulet)
HPRegen  0.20/turn              e - ring of willpower
MPRegen  0.18/turn              p - +6 ring of intelligence

@: protection aura
A: negative energy resistance 1, electricity resistance, unbreathing,
petrification resistance, miasma immunity, AC +8
a: Renounce Religion, Draw Escape, Draw Destruction, Draw Summoning, Triple
Draw, Deal Four


You were on level 2 of the Orcish Mines.
You worshipped Nemelex Xobeh.
Nemelex Xobeh was greatly pleased with you.
You visited 3 branches of the dungeon, and saw 13 of its levels.
You also visited: Ossuary.

You collected 697 gold pieces.

Inventory:

Hand Weapons
 P - a +2 flail of protection (weapon)
Missiles
 G - 19 stones
Armour
 c - a +0 robe (worn)
 d - a cursed +0 kite shield
 f - a +0 ring mail
 l - a +0 pair of boots (worn)
 q - a +0 chain mail
 s - a +0 leather armour
 v - a +2 pair of gloves (worn)
 O - a +2 scale mail of poison resistance
 R - the +3 chain mail of Mups {Int+4 Slay+3, unknown}
   (You found it on level 8 of the Dungeon)

   It affects your intelligence (+4).
   It affects your accuracy and damage with ranged weapons and melee attacks
   (+3).
Jewellery
 e - a ring of willpower (left hand)
 g - an uncursed ring of positive energy
 h - an uncursed ring of willpower
 j - an uncursed ring of see invisible
 k - an uncursed ring of resist corrosion
 p - a +6 ring of intelligence (right hand)
 x - a cursed -4 ring of dexterity {unknown}
 N - an uncursed ring of protection from fire
Wands
 M - a wand of enslavement (9)
 U - a wand of digging (6)
Scrolls
 i - 3 scrolls of enchant armour
 m - 2 scrolls of fog
 n - a scroll of brand weapon
 o - 2 scrolls of enchant weapon
 u - 8 scrolls of teleportation
 z - 5 scrolls of remove curse
 A - 2 scrolls of amnesia
 H - 2 scrolls of blinking
 I - 3 scrolls of immolation {unknown}
 J - a scroll of random uselessness {unknown}
 K - a scroll of holy word {unknown}
 L - 3 scrolls of fear
 S - 2 scrolls of noise {unknown}
 T - a scroll of summoning {unknown}
Potions
 a - 7 potions of curing
 b - a potion of brilliance
 r - a potion of invisibility
 t - a potion of cancellation
 w - a potion of magic
 B - 2 potions of degeneration {unknown}
 C - 2 potions of berserk rage {unknown}
 D - a potion of attraction {unknown}
 E - a potion of lignification {unknown}
 F - 2 potions of heal wounds {unknown}
 Q - a potion of flight {unknown}


   Skills:
 + Level 4.6 Fighting
 + Level 7.0 Maces & Flails
 + Level 5.2 Dodging
 + Level 5.1 Stealth
 + Level 8.4 Spellcasting
 + Level 7.1 Conjurations
 + Level 0.8 Transmutations
 + Level 10.4 Earth Magic


You had 22 spell levels left.
You knew the following spells:

 Your Spells              Type           Power        Failure   Level
a - Sandblast             Erth           100%         1%          1
b - Stone Arrow           Conj/Erth      100%         1%          3

Your spell library contained the following spells:

 Spells                   Type           Power        Failure   Level
 Passwall                 Tmut/Erth      31%          1%          2
 Lee's Rapid Deconstruct  Erth           29%          2%          5
 Static Discharge         Conj/Air       28%          4%          3
 Petrify                  Tmut/Erth      38%          5%          4
 Ignite Poison            Fire/Tmut/Pois 12%          16%         3
 Fireball                 Conj/Fire      14%          36%         5
 Conjure Ball Lightning   Conj/Air       14%          90%         6
 Starburst                Conj/Fire      14%          90%         6
 Ignition                 Fire           5%           100%        8


Dungeon Overview and Level Annotations

Branches:
Dungeon (10/15)            Temple (1/1) D:4            Lair (0/6) D:9
    Orc (2/2) D:9         Ossuary (visited)
    Elf: Orc:2

Altars:
Ashenzari
Cheibriados
Elyvilon
Fedhas
Gozag
Hepliaklqana
Kikubaaqudgha
Makhleb
Nemelex Xobeh
Okawaru
Qazlal
Ru
Sif Muna
Trog
Uskayaw
Vehumet
Wu Jian
Xom
Yredelemnul
Zin
The Shining One
Beogh

Shops:
D:6 [   D:10 =


Innate Abilities, Weirdness & Mutations

You are resistant to torment.
Your stone body is resilient. (AC +8)
You are immune to poison.
You resist negative energy. (rN+)
You are resistant to electric shocks. (rElec)
You can survive without breathing.
You are immune to petrification.
You are immune to miasma.


Message History

The ettin hits you with a +0 dire flail!
* * * LOW HITPOINT WARNING * * *
The ettin barely misses you.
Casting: Sandblast (safe; 1% risk of failure)
Confirm with . or Enter, or press ? or * to list all spells.
Aiming: Sandblast (safe; 1% risk of failure)
Press: ? - help, Shift-Dir - straight line, f/p - ettin
Aim: an ettin, wielding two +0 dire flails (severely wounded, 4% to evade)
The blast of sand hits the ettin!
The ettin is almost dead.
Unknown command.
You barely miss the ettin.
The ettin is almost dead.
The ettin misses you. The ettin hits you but does no damage.
You hit the ettin.
Your weapon exudes an aura of protection.
The ettin is almost dead.
The ettin hits you with a +0 dire flail!!
You die...
Your body glows slightly and disappears.

#.....# ##.....###
#........##
#.........#
####.........###
#.#............##
............)...##
.............)...##
.........##.).[C@.#
.$....#.#............#
.......#.......^..#.##
..................# #
...................#
###............##.##
............## ##
..........###


You could see an ettin.

Vanquished Creatures
  A two-headed ogre (D:10)
  A manticore (D:6)
  A guardian serpent (D:8)
  6 wyverns
  8 yaks
  Grum (D:9)
  5 water moccasins (D:9)
  6 orc warriors
  2 black bears
  A hornet zombie (D:10)
  2 necrophages
  An ice beast (D:8)
  2 sky beasts (D:7)
  7 ogres
  3 phantoms
  4 wolves (D:9)
  2 centaurs
  A big kobold (D:9)
  4 bullfrogs
  2 gnoll sergeants
  3 scorpions
  5 howler monkeys
  A bullfrog zombie (D:5)
  A centaur zombie (D:6)
  2 jellies
  7 orc priests
  8 orc wizards
  A centaur skeleton (D:5)
  5 hounds
  2 gnoll shamans
  Terence (D:3)
  7 worker ants
  4 iguanas
  A hound zombie (D:7)
  3 hound skeletons
  12 mummies (Ossuary)
  23 gnolls
  16 adders
  A shadow imp (D:5)
  A white imp (D:6)
  3 ufetubi
  2 oozes
  An adder skeleton (D:9)
  2 worms
  3 dart slugs
  3 leopard geckos
  43 orcs
  3 ball pythons
  6 bats
  6 giant cockroaches
  A hobgoblin (D:3)
  13 jackals
  5 quokkas
  3 frilled lizards
  A gnoll skeleton (Ossuary)
  7 goblins
  14 kobolds
  4 kobold skeletons (Ossuary)
  2 leopard gecko skeletons
  3 orc skeletons (Ossuary)
  A quokka zombie (D:5)
  2 rats
  11 rat skeletons (Ossuary)
303 creatures vanquished.

Vanquished Creatures (collateral kills)
  An orc warrior (D:6)
  A jelly (D:6)
2 creatures vanquished.

Vanquished Creatures (others)
  A bush (D:9)
  5 fungi (D:9)
  16 plants (D:9)
22 creatures vanquished.

Grand Total: 327 creatures vanquished

Notes
Turn   | Place    | Note
-------+----------+-------------------------------------------
     0 | D:1      | Almogavar the Gargoyle Earth Elementalist began the quest
                  | for the Orb.
     0 | D:1      | Reached XP level 1. HP: 10/10 MP: 3/3
    64 | D:1      | Reached XP level 2. HP: 15/15 MP: 1/5
   574 | D:1      | Reached skill level 4 in Earth Magic
   574 | D:1      | Reached XP level 3. HP: 19/19 MP: 4/6
  1168 | D:2      | Reached skill level 1 in Maces & Flails
  1168 | D:2      | Reached XP level 4. HP: 24/24 MP: 5/7
  1172 | D:2      | Learned a level 3 spell: Stone Arrow
  1854 | D:3      | Noticed Terence
  1872 | D:3      | Killed Terence
  1873 | D:3      | Reached XP level 5. HP: 23/28 MP: 1/9
  1992 | D:3      | Reached skill level 1 in Conjurations
  2907 | D:3      | Found a shimmering blue altar of Sif Muna.
  3406 | D:4      | Reached skill level 1 in Fighting
  3406 | D:4      | Reached XP level 6. HP: 31/34 MP: 5/10
  3440 | D:4      | Reached skill level 5 in Earth Magic
  3452 | D:4      | Noticed a phantom
  3548 | D:4      | Found a staircase to the Ecumenical Temple.
  3912 | Temple   | Entered the Ecumenical Temple
  3977 | Temple   | Became a worshipper of Nemelex Xobeh the Trickster
  4072 | D:4      | Found a glowing golden altar of the Shining One.
  4099 | D:4      | Reached XP level 7. HP: 33/38 MP: 1/12
  4106 | D:4      | Found a sand-covered staircase.
  4111 | Ossuary  | Entered an ossuary
  6196 | D:5      | Entered Level 5 of the Dungeon
  6331 | D:5      | Reached skill level 6 in Earth Magic
  6345 | D:5      | Reached XP level 8. HP: 35/43 MP: 2/14
  6836 | D:5      | Reached * piety under Nemelex Xobeh
  7525 | D:6      | Found Uttaps's Armour Boutique.
  7561 | D:6      | Found a large runed translucent door.
  7562 | D:6      | Found a large runed translucent door.
  7578 | D:6      | Received a gift from Nemelex Xobeh
  7999 | D:6      | Reached ** piety under Nemelex Xobeh
  8104 | D:6      | Reached skill level 5 in Spellcasting
  8144 | D:6      | Noticed a manticore
  8150 | D:6      | Killed a manticore
  8151 | D:6      | Reached skill level 7 in Earth Magic
  8151 | D:6      | Reached XP level 9. HP: 11/48 MP: 8/17
  8413 | D:6      | Received a gift from Nemelex Xobeh
  8424 | D:6      | Found a large runed translucent door.
  8424 | D:6      | Found a large runed translucent door.
  8439 | D:6      | Identified the Compendium of the Birds and the Mountains
  8809 | D:6      | Found an iron altar of Okawaru.
  9722 | D:7      | Reached skill level 8 in Earth Magic
 10203 | D:7      | Found a radiant altar of Vehumet.
 10374 | D:7      | Reached skill level 5 in Maces & Flails
 10374 | D:7      | Reached skill level 5 in Conjurations
 10920 | D:8      | Reached XP level 10. HP: 55/55 MP: 13/20
 10999 | D:8      | Noticed a boulder beetle
 11009 | D:8      | Noticed a guardian serpent
 11009 | D:8      | a boulder beetle changed into a guardian serpent
 11011 | D:8      | Killed a guardian serpent
 11012 | D:8      | Reached skill level 9 in Earth Magic
 11472 | D:8      | Got a fading chain mail
 12016 | D:9      | Reached *** piety under Nemelex Xobeh
 12866 | D:9      | Found a staircase to the Orcish Mines.
 13016 | D:9      | Found a roughly hewn altar of Beogh.
 13096 | D:9      | Noticed Grum
 13115 | D:9      | Killed Grum
 13191 | D:9      | Reached skill level 5 in Dodging
 13608 | D:9      | Reached XP level 11. HP: 60/60 MP: 4/22
 13717 | D:9      | Found a staircase to the Lair.
 14210 | D:10     | Entered Level 10 of the Dungeon
 14438 | D:10     | Reached skill level 10 in Earth Magic
 14499 | D:10     | Received a gift from Nemelex Xobeh
 14505 | D:10     | Noticed a two-headed ogre
 14560 | D:10     | Killed a two-headed ogre
 14561 | D:10     | Reached skill level 5 in Stealth
 15187 | D:10     | Reached **** piety under Nemelex Xobeh
 15231 | D:10     | Received a gift from Nemelex Xobeh
 15316 | D:10     | Found Pearar's Jewellery Shop.
 15771 | Orc:1    | Entered Level 1 of the Orcish Mines
 15944 | Orc:2    | Entered Level 2 of the Orcish Mines
 16095 | Orc:2    | Noticed an ettin
 16123 | Orc:2    | Mangled by an ettin

Illustrated notes

Levels and vault maps discovered:
D:1:      dpeg_arrival_short_road, layout_loops_cross,
          chequers_serial_rivers_room_b
D:2:      lemuel_upstairs_altar, layout_loops_cross
D:3:      layout_loops_corners, tgw_sif, uniq_terence
D:4:      layout_basic, minmay_temple_entry_large_hall, enter_ossuary_2,
          roderic_lattice_a, tso_metal_star
D:5:      layout_cave_pods
D:6:      wad_crossroads, layout_gridville, kennysheep_mini, serial_shops,
          shop_statue, minmay_hollow_rounded_squares
D:7:      layout_rooms, basic_altar
D:8:      layout_layer_cave
D:9:      layout_irregular_city, minmay_lair_entry_grove,
          minmay_orc_entry_temple_small, uniq_grum
D:10:     layout_irregular_city, serial_shops, nicolae_shop_stone
Temple:   grunt_wide_crystal_templ
Orc:1:    layout_caves
Orc:2:    st_orc_congregation, layout_diamond_mine, uniq_erolcha, uniq_snorg

Skill      XL: |  1  2  3  4  5  6  7  8  9 10 11 |
---------------+----------------------------------+-----
Stealth        | 3 4 5 |  5.1
Earth Magic    | 4 5 6 7 8 9 10 | 10.4
Maces & Flails | 1 2 3 4 5 6 7 |  7.0
Conjurations   | 1 2 3 4 5 6 7 |  7.1
Spellcasting   | 3 4 5 6 7 8 |  8.4
Dodging        | 2 3 4 5 |  5.2
Fighting       | 1 2 3 4 |  4.6
Transmutations | |  0.8

Action                   |  1- 3 |  4- 6 |  7- 9 | 10-12 || total
-------------------------+-------+-------+-------+-------++-------
Melee: Unarmed           |     2 |       |       |       ||     2
       Whip              |    26 |   235 |   200 |       ||   461
       Flail             |       |       |    43 |   247 ||   290
 Cast: Sandblast         |    27 |    69 |    41 |    28 ||   165
       Stone Arrow       |       |     2 |   140 |   119 ||   261
Invok: Draw Summoning    |       |       |     1 |       ||     1
       Draw Destruction  |       |       |       |     8 ||     8
  Use: Scroll            |     2 |     5 |     8 |     1 ||    16
       Potion            |       |       |       |     1 ||     1
 Stab: Sleeping          |     1 |     5 |     5 |     1 ||    12
       Distracted        |       |       |     1 |       ||     1
Armor: Robe              |    13 |   123 |   115 |   177 ||   428
Dodge: Dodged            |    20 |   213 |   206 |   289 ||   728
